 Dungeon Crawl Stone Soup version 0.25.1-2-g60ff931df9 (webtiles) character file.

Game seed: 12420759633801330194

368 lepoulpe303 the Ruffian (level 6, -1/52 (53) HPs)
             Began as a Ghoul Monk on Oct 21, 2020.
             Was a Believer of Makhleb.
             Slain by an ogre
             ... wielding a +0 giant club
              (17 damage)
             ... on level 4 of the Dungeon.
             The game lasted 00:10:30 (4841 turns).

lepoulpe303 the Ruffian (Ghoul Monk)                Turns: 4841, Time: 00:10:30

HP:   -1/52 (53)    AC:  9    Str: 17    XL:     6   Next: 69%
MP:   5/5           EV:  8    Int:  5    God:    Makhleb [**....]
Gold: 181           SH:  0    Dex: 11    Spells: 5/5 levels left

rFire    . . .     SeeInvis .     - Unarmed
rCold    + . .     Gourm    .   (no shield)
rNeg     + + +     Faith    .   r - +0 chain mail (curse)
rPois    ∞         Spirit   .   m - +0 helmet
rElec    .         Reflect  .   (no cloak)
rCorr    .         Harm     .   (no gloves)
MR       .....                  (no boots)
Stlth    ..........             (no amulet)
HPRegen  0.00/turn              (no ring)
MPRegen  0.09/turn              (no ring)

@: rotting
A: rotting body, claws 1, carnivore, cold resistance 1, negative energy
resistance 3, inhibited regeneration, torment resistance, unbreathing
a: Minor Destruction, Renounce Religion


You were on level 4 of the Dungeon.
You worshipped Makhleb.
Makhleb was pleased with you.
You were not hungry.

You visited 2 branches of the dungeon, and saw 5 of its levels.

You collected 181 gold pieces.

Inventory:

Armour
 a - a +0 robe
 b - a +0 scale mail
 m - a +0 helmet (worn)
 n - a +0 plate armour
 r - a cursed +0 chain mail (worn)
Scrolls
 c - a scroll of fear {unknown}
 f - a scroll of noise {unknown}
 i - 2 scrolls of identify
 o - a scroll of enchant weapon {unknown}
 t - 4 scrolls of teleportation
 w - a scroll of remove curse
Potions
 d - a potion of flight {unknown}
 g - a potion of stabbing {unknown}
 h - a potion of lignification {unknown}
 k - a potion of heal wounds {unknown}
 p - a potion of invisibility {unknown}
 q - a potion of curing
Comestibles
 e - 7 rations


   Skills:
 + Level 4.4 Fighting
 + Level 1.7 Armour
 + Level 3.6 Dodging
 + Level 3.9 Stealth
 * Level 5.4 Unarmed Combat
 + Level 0.0 Invocations


You had 5 spell levels left.
You didn't know any spells.
Your spell library was empty.

Dungeon Overview and Level Annotations

Branches:
Dungeon (4/15)             Temple (1/1) D:4

Altars:
Ashenzari
Cheibriados
Dithmenos
Elyvilon
Fedhas
Gozag
Kikubaaqudgha
Makhleb
Nemelex Xobeh
Okawaru
Ru
Sif Muna
Trog
Uskayaw
Vehumet
Wu Jian
Xom
Yredelemnul
Zin
The Shining One

Annotations:
D:3 1 runed translucent door, LifeIsToil's ghost, amateur DsGl


Innate Abilities, Weirdness & Mutations

Your body is rotting away.
You thrive on raw meat.
You are immune to poison.
You have sharp fingernails.
You are carnivorous and can eat meat at any time.
Your flesh is cold resistant. (rC+)
You are immune to negative energy. (rN+++)
You do not regenerate when monsters are visible.
You are immune to unholy pain and torment.
You can survive without breathing.


Message History

The ogre shouts!
You take 1 damage, and have 52/52 hp.
The ogre hits you with a +0 giant club!!
* * * LOW HITPOINT WARNING * * *
Found a scroll labeled CIUKOZX UCYD.
Found a stone staircase leading up.
You take 24 damage, and have 28/52 hp.
MASSIVE DAMAGE!!
You barely miss the ogre. You barely miss the ogre.
The ogre hits you with a +0 giant club.
* * * LOW HITPOINT WARNING * * *
You take 3 damage, and have 25/52 hp.
You scratch the ogre but do no damage. The ogre barely misses you.
You scratch the ogre.
Your chain mail prevents you from hitting the ogre.
The ogre hits you with a +0 giant club!
* * * LOW HITPOINT WARNING * * *
You take 9 damage, and have 16/52 hp.
Your chain mail prevents you from hitting the ogre.
The ogre hits you with a +0 giant club!
You die...

....................##.
.........###...........
##........##........##.
##.......##..........# .
....#....##.###.....#..<
....#........##..##.#..?
.............##..# .....
#(..............##...##
#...............@O...#
...§.........#..#..#.#
..........#..#####....
..............# #...#
..............# ...#
.###.......... ..#
###........... ..#
##............ ...
...........##.


You could see an ogre.

Levels and vault maps discovered:
D:1:      matt_arrival_los_fun, layout_basic, minmay_cut_off
D:2:      wander_river, layout_loops_ring, nicolae_overflow_hidden_temple,
          first_ration, uniq_robin
D:3:      layout_basic, gammafunk_ghost_grave
D:4:      layout_cave_pools, minmay_temple_entry_purple_smoke,
          grunt_ministairs_6, elyvilon_altar_4
Temple:   dpeg_five_rooms_temple

Notes
Turn   | Place    | Note
-------+----------+-------------------------------------------
     0 | D:1      | lepoulpe303 the Ghoul Monk began the quest for the Orb.
     0 | D:1      | Reached XP level 1. HP: 19/19 MP: 0/0
    47 | D:1      | Identified a +0 club
    49 | D:1      | Identified a +0 club
   121 | D:1      | Identified a +0 club
   343 | D:1      | Identified a +0 club
   348 | D:1      | Reached XP level 2. HP: 26/26 MP: 1/1
   357 | D:1      | Identified a +0 club
   475 | D:1      | Identified a +0 whip
   735 | D:1      | Identified a +0 club
   774 | D:1      | Identified a +0 dagger
   957 | D:1      | Reached XP level 3. HP: 29/31 MP: 2/2
  1034 | D:1      | Identified a +0 club
  1244 | D:1      | Identified a +0 club
  1500 | D:1      | Reached skill level 3 in Dodging
  1567 | D:1      | Identified a +0 scale mail (You found it on level 1 of the
                  | Dungeon)
  1658 | D:2      | Reached skill level 4 in Unarmed Combat
  1736 | D:2      | Identified a +0 short sword
  1737 | D:2      | Identified a +0 club
  1798 | D:2      | Identified a +0 dagger
  1995 | D:2      | Identified a +0 club
  1999 | D:2      | Reached XP level 4. HP: 40/40 MP: 3/3
  2015 | D:2      | Identified a +0 dagger
  2015 | D:2      | Identified a +0 dagger
  2015 | D:2      | Identified a +0 animal skin
  2015 | D:2      | Identified a +0 helmet
  2015 | D:2      | Noticed Robin
  2016 | D:2      | Identified a cursed -1 club
  2059 | D:2      | Reached skill level 3 in Stealth
  2201 | D:2      | Killed Robin
  2324 | D:2      | Identified a +0 club
  2589 | D:2      | Identified a +0 club
  2591 | D:2      | Identified a +0 flail
  2808 | D:2      | Found a hide-covered altar of Uskayaw.
  2808 | D:2      | Found an ornate altar of the Wu Jian Council.
  2950 | D:2      | Identified a +0 club
  3025 | D:2      | Identified a cursed -1 club
  3261 | D:3      | Identified a +0 falchion
  3261 | D:3      | Identified a +0 dagger
  3261 | D:3      | Identified a +0 robe
  3261 | D:3      | Identified a +0 hand axe
  3262 | D:3      | Identified a +0 hand axe
  3262 | D:3      | Identified a cursed +0 chain mail
  3263 | D:3      | Identified a cursed -2 dagger
  3263 | D:3      | Identified a +0 robe
  3289 | D:3      | Reached XP level 5. HP: 33/46 MP: 4/4
  3324 | D:2      | HP: 9/46 [orc wizard/magic dart (3)]
  3325 | D:2      | Reached skill level 4 in Fighting
  3325 | D:2      | Reached skill level 1 in Armour
  3764 | D:3      | Identified a +0 club
  3866 | D:3      | Found a runed translucent door.
  3866 | D:3      | Noticed LifeIsToil's ghost (amateur DsGl)
  3902 | D:3      | Identified 4 scrolls of identify
  3902 | D:3      | Identified a potion of curing
  3903 | D:3      | Identified a potion of mutation
  3905 | D:3      | Identified 4 scrolls of teleportation
  3906 | D:3      | Identified 2 scrolls of remove curse
  3949 | D:4      | Reached XP level 6. HP: 44/52 MP: 5/5
  3952 | D:4      | Reached skill level 5 in Unarmed Combat
  4143 | D:4      | Found a white marble altar of Elyvilon.
  4189 | D:4      | Identified a +0 giant club
  4190 | D:4      | Found a staircase to the Ecumenical Temple.
  4451 | Temple   | Entered the Ecumenical Temple
  4676 | Temple   | lepoulpe303: whichgod gh--
  4676 | Temple   | lepoulpe303: whichgod ghmo
  4746 | Temple   | Became a worshipper of Makhleb the Destroyer
  4746 | Temple   | Reached * piety under Makhleb
  4746 | Temple   | Reached ** piety under Makhleb
  4832 | D:4      | Identified a +0 giant club
  4841 | D:4      | Slain by an ogre

Table legend:
 A = Turns spent in this place as a percentage of turns spent in the entire game.
 B = Non-inter-level travel turns spent in this place as a percentage of non-inter-level travel turns spent in the entire game.
 C = Inter-level travel turns spent in this place as a percentage of turns spent in this place.
 D = Turns resting spent in this place as a percentage of non-inter-level travel turns spent in this place.
 E = Turns spent auto-exploring this place as a percentage of non-inter-level travel turns spent in this place.
 F = Non-inter-level travel turns spent in this place divided by the number of levels of this place that you've seen.
                   A       B       C       D       E      F
               +-------+-------+-------+-------+-------+----------------------
         Total | 100.0 | 100.0 |   6.4 |  10.3 |  72.4 | 906.4
       Dungeon |  93.2 |  95.0 |   4.5 |  10.8 |  71.0 | 1076.2
        Temple |   6.8 |   5.0 |  31.4 |   0.0 |  98.7 | 227.0
               +-------+-------+-------+-------+-------+----------------------

Table legend:
 A = Kills in this place as a percentage of kills in entire the game.
 B = Kills by you in this place as a percentage of kills by you in the entire game.
 C = Kills by friends in this place as a percentage of kills by friends in the entire game.
 D = Other kills in this place as a percentage of other kills in the entire game.
 E = Experience gained in this place as a percentage of experience gained in the entire game.
 F = Experience gained in this place divided by the number of levels of this place that you have seen.
                   A       B       C       D       E      F
               +-------+-------+-------+-------+-------+----------------------
         Total | 100.0 | 100.0 |   N/A |   N/A | 100.0 | 105.2
       Dungeon | 100.0 | 100.0 |   N/A |   N/A | 100.0 | 131.5
               +-------+-------+-------+-------+-------+----------------------

Skill      XL: |  1  2  3  4  5  6 |
---------------+-------------------+-----
Dodging        | 3 |  3.6
Unarmed Combat | 4 5 |  5.4
Stealth        | 3 |  3.9
Fighting       | 4 |  4.4
Armour         | 1 |  1.7

Action                   |  1- 3 |  4- 6 || total
-------------------------+-------+-------++-------
Melee: Unarmed           |   104 |   242 ||   346
       Punch             |     1 |     2 ||     3
  Use: Scroll            |       |     4 ||     4
 Stab: Sleeping          |     4 |       ||     4
  Eat: Chunk             |     5 |     8 ||    13
Armor: Robe              |    12 |       ||    12
       Scale mail        |    15 |    90 ||   105
       Chain mail        |       |    11 ||    11
Dodge: Dodged            |    50 |   112 ||   162

Vanquished Creatures
  An ogre (D:4)
  An iguana (D:4)
  2 orc wizards
  A worker ant (D:4)
  Robin (D:2)
  5 adders
  A howler monkey skeleton (D:4)
  3 oozes
  2 dart slugs (D:2)
  4 leopard geckos
  4 orcs
  4 giant cockroaches
  17 hobgoblins
  3 jackals (D:1)
  2 quokkas (D:2)
  A ball python (D:1)
  10 bats
  6 frilled lizards
  12 goblins
  5 kobolds
  A leopard gecko skeleton (D:4)
  5 rats
91 creatures vanquished.
